 Dungeon Crawl Stone Soup version 0.26-a0-812-g31a745ddcd (webtiles) character file.

Game seed: 5946550450175735338

(classic levelgen) 1283 EnegeticOcto the Skirmisher (level 8, -18/52 HPs)
             Began as a Gargoyle Fighter on Dec 4, 2020.
             Was a Priest of Okawaru.
             Demolished by a two-headed ogre
             ... wielding a +0 dire flail
              (21 damage)
             ... on level 4 of the Dungeon.
             The game lasted 00:03:45 (4541 turns).

EnegeticOcto the Skirmisher (Gargoyle Fighter)      Turns: 4541, Time: 00:03:46

Health: -18/52     AC: 20    Str: 22    XL:     8   Next: 55%
Magic:  9/10       EV:  9    Int:  9    God:    Okawaru [***...]
Gold:   204        SH: 13    Dex:  9    Spells: 7/7 levels left

rFire    . . .     SeeInvis .   a - +1 war axe
rCold    . . .     Faith    +   c - +1 kite shield
rNeg     + . .     Spirit   .   p - +0 chain mail
rPois    ∞         Reflect  .   g - +2 helmet
rElec    +         Harm     .   (no cloak)
rCorr    .         Rampage  .   (no gloves)
MR       .....                  (no boots)
Stlth    ..........             h - amulet of faith
HPRegen  0.17/turn              (no ring)
MPRegen  0.12/turn              (no ring)

@: heroism
A: negative energy resistance 1, electricity resistance, unbreathing,
petrification resistance, rot immunity, AC +5
a: Heroism, Renounce Religion


You were on level 4 of the Dungeon.
You worshipped Okawaru.
Okawaru was most pleased with you.
You visited 1 branch of the dungeon, and saw 4 of its levels.
You also visited: Ossuary.

You collected 204 gold pieces.

Inventory:

Hand Weapons
 a - a +1 war axe (weapon)
Armour
 c - a +1 kite shield (worn)
 g - a +2 helmet (worn)
 p - a +0 chain mail (worn)
Jewellery
 h - an amulet of faith (around neck)
Wands
 b - a wand of polymorph (3)
 o - a wand of disintegration (13)
Scrolls
 e - a scroll of remove curse {@r2}
 i - 2 scrolls of enchant armour
 j - a scroll of teleportation {@r3}
 q - a scroll of fog
Potions
 d - 2 potions of might {@q3}
 f - a potion of mutation
 k - 2 potions of lignification {unknown}
 n - 5 potions of heal wounds {unknown}
 r - a potion of ambrosia {unknown}
 t - 2 potions of curing {unknown}
 z - a potion of flight {unknown}
Miscellaneous
 m - a phantom mirror


   Skills:
 * Level 6.8(11.8) Fighting
 * Level 5.2(10.2) Axes
 + Level 5.3(10.3) Armour
 + Level 5.2(10.2) Shields
 + Level 3.5 Invocations


You had 7 spell levels left.
You didn't know any spells.
Your spell library was empty.

Dungeon Overview and Level Annotations

Branches:
Dungeon (4/15)             Temple (0/1) D:4         Ossuary (visited)

Altars:
Ashenzari
Kikubaaqudgha
Okawaru
Ru
Wu Jian
Xom
Yredelemnul


Innate Abilities, Weirdness & Mutations

You are resistant to torment.
Your stone body is resilient. (AC +5)
You are immune to poison.
You resist negative energy. (rN+)
You are resistant to electric shocks. (rElec)
You can survive without breathing.
You are immune to petrification.
You are immune to rotting.


Message History

No target in view!
No target in view!
No target in view!
No target in view!
No target in view!
No target in view!
You see here a scorpion corpse.
A gnoll comes into view. It is wielding a +0 flail.
The gnoll shouts!
A gnoll is nearby!
A gnoll is nearby!
A gnoll is nearby!
A gnoll is nearby!
A gnoll is nearby!
You hit the gnoll.
The gnoll is lightly wounded.
The gnoll hits you with a +0 flail.
A two-headed ogre comes into view.
It is wielding a +0 dire flail and a +0 giant club.
You barely miss the gnoll.
The gnoll is lightly wounded.
The two-headed ogre shouts in stereo!
You hear a shout!
The gnoll hits you but does no damage.
You hit the gnoll.
The gnoll is heavily wounded.
You hit the two-headed ogre.
The two-headed ogre is lightly wounded.
You block the two-headed ogre's attack.
The two-headed ogre hits you with a +0 giant club.
You slash the two-headed ogre!
The two-headed ogre is moderately wounded.
The two-headed ogre hits you with a +0 dire flail.
The two-headed ogre hits you but does no damage.
You slash the two-headed ogre!
The two-headed ogre is heavily wounded.
The two-headed ogre hits you with a +0 dire flail!
The two-headed ogre hits you with a +0 giant club!
You are too injured to fight recklessly!
You are too injured to fight recklessly!
You are too injured to fight recklessly!
You are too injured to fight recklessly!
You are too injured to fight recklessly!
You are too injured to fight recklessly!
You are too injured to fight recklessly!
You are too injured to fight recklessly!
There are monsters nearby!
You see here a scorpion corpse.
There is an open door here.
You gain the combat prowess of a mighty hero.
The two-headed ogre closely misses you.
The two-headed ogre hits you but does no damage.
Okay, then.
Okay, then.
As you read the scroll of teleportation {@r3}, it crumbles to dust.
You feel strangely unstable. You block the two-headed ogre's attack.
The two-headed ogre hits you but does no damage.
Your surroundings suddenly seem different.
You see here 24 sling bullets.
Magic restored.
You feel like a meek peon again.
A two-headed ogre is nearby!
A two-headed ogre is nearby!
A two-headed ogre is nearby!
You gain the combat prowess of a mighty hero.
You hit the two-headed ogre.
The two-headed ogre is lightly wounded.
The two-headed ogre hits you but does no damage. x2
You slash the two-headed ogre!
The two-headed ogre is moderately wounded.
You block the two-headed ogre's attack. x2
You slash the two-headed ogre!
The two-headed ogre is moderately wounded.
You hit the two-headed ogre.
The two-headed ogre is heavily wounded.
The two-headed ogre hits you with a +0 dire flail!
The two-headed ogre barely misses you.
You hit the two-headed ogre.
The two-headed ogre is heavily wounded.
The two-headed ogre hits you with a +0 dire flail!
You block the two-headed ogre's attack.
You are too injured to fight recklessly!
You are too injured to fight recklessly!
You are too injured to fight recklessly!
You are too injured to fight recklessly!
You are too injured to fight recklessly!
You are too injured to fight recklessly!
You are too injured to fight recklessly!
You are too injured to fight recklessly!
You are too injured to fight recklessly!
You are too injured to fight recklessly!
You are too injured to fight recklessly!
You are too injured to fight recklessly!
You are too injured to fight recklessly!
You are too injured to fight recklessly!
You are too injured to fight recklessly!
You hit the two-headed ogre.
The two-headed ogre is heavily wounded.
The two-headed ogre hits you with a +0 dire flail!
* * * LOW HITPOINT WARNING * * *
The two-headed ogre hits you with a +0 giant club!!
You die...

#.........##.##.####.##
#.....(......##........
#......................
##.....#.##..##........
##...[..###.##........
#.....## #......[....
#.....# #.##........
#...O.# #.##........
#...@## #..#........
#....# ###..#........
#....# #....#........
#....###.##..#######.
#........###...####..
#.....#### ###.##...#
######.###...###
#....### #....).#
###<..######..###
#.....^#
###.....#......


You could see a two-headed ogre.

Vanquished Creatures
  An orc warrior (D:3)
  A sky beast (D:4)
  An ogre (D:4)
  9 scorpions
  A howler monkey (D:4)
  A bullfrog zombie (D:2)
  A human zombie (Ossuary)
  A quasit (D:3)
  A hound (D:4)
  An orc wizard (D:4)
  A bullfrog skeleton (D:4)
  A worker ant (D:4)
  3 big kobold zombies (Ossuary)
  3 mummies (Ossuary)
  A gnoll (D:1)
  2 scorpion zombies (Ossuary)
  4 adders
  2 oozes
  A worm zombie (D:4)
  An adder skeleton (D:4)
  4 worms
  4 dart slugs
  A leopard gecko (D:1)
  21 orcs
  10 bats
  4 giant cockroaches
  10 hobgoblins
  9 jackals
  2 quokkas
  7 frilled lizards
  3 gnoll zombies
  8 goblins
  A goblin zombie (Ossuary)
  4 hobgoblin zombies (Ossuary)
  A jackal skeleton (D:4)
  15 kobolds
  2 kobold zombies (Ossuary)
  14 rats
157 creatures vanquished.

Vanquished Creatures (others)
  A scorpion (Ossuary)
  A kobold zombie (Ossuary)
2 creatures vanquished.

Grand Total: 159 creatures vanquished

Notes
Turn   | Place    | Note
-------+----------+-------------------------------------------
     0 | D:1      | EnegeticOcto the Gargoyle Fighter began the quest for the
                  | Orb.
     0 | D:1      | Reached XP level 1. HP: 14/14 MP: 1/1
    51 | D:1      | Reached XP level 2. HP: 5/19 MP: 2/2
   473 | D:1      | Reached XP level 3. HP: 23/23 MP: 3/3
  1201 | D:2      | Reached XP level 4. HP: 29/29 MP: 4/4
  1246 | D:2      | Found a basalt altar of Yredelemnul.
  1246 | D:2      | Found a broken altar of Ashenzari.
  1265 | D:2      | Found an iron altar of Okawaru.
  1283 | D:2      | Became a worshipper of Warmaster Okawaru
  1358 | D:2      | Reached skill level 4 in Fighting
  1542 | D:2      | Found a shimmering altar of Xom.
  1549 | D:2      | Found an ornate altar of the Wu Jian Council.
  1562 | D:2      | Reached XP level 5. HP: 26/33 MP: 5/5
  1790 | D:3      | Found a broken altar of Ashenzari.
  2095 | D:3      | Reached skill level 1 in Invocations
  2235 | D:3      | Reached * piety under Okawaru
  2391 | D:3      | Found a sacrificial altar of Ru.
  2596 | D:3      | Noticed an orc warrior
  2631 | D:3      | Killed an orc warrior
  2631 | D:3      | Reached skill level 5 in Fighting
  2631 | D:3      | Reached XP level 6. HP: 6/40 MP: 3/7
  3151 | D:4      | Reached ** piety under Okawaru
  3236 | D:4      | Found an ancient bone altar of Kikubaaqudgha.
  3273 | D:4      | Found a large runed translucent door.
  3273 | D:4      | Found a large runed translucent door.
  3290 | D:4      | Found a large runed translucent door.
  3290 | D:4      | Found a large runed translucent door.
  3344 | D:4      | Found a sand-covered staircase.
  3355 | Ossuary  | Entered an ossuary
  3368 | Ossuary  | Reached XP level 7. HP: 40/44 MP: 8/8
  3689 | Ossuary  | Reached skill level 6 in Fighting
  3693 | Ossuary  | Reached *** piety under Okawaru
  3772 | Ossuary  | Reached XP level 8. HP: 48/51 MP: 10/10
  3778 | Ossuary  | Reached skill level 5 in Armour
  3780 | Ossuary  | Reached skill level 5 in Shields
  4063 | D:4      | Found a staircase to the Ecumenical Temple.
  4227 | D:4      | Reached skill level 5 in Axes
  4430 | D:4      | Noticed a two-headed ogre
  4541 | D:4      | Demolished by a two-headed ogre

Illustrated notes

Levels and vault maps discovered:
D:1:      roderic_dead_forest, layout_loops_ring, serial_rivers,
          chequers_serial_rivers_large_b, chequers_serial_rivers_small_3,
          chequers_serial_rivers_room_b, chequers_serial_rivers_micro_b
D:2:      layout_rooms, old_standard_altar, nicolae_overflow_hidden_temple,
          gammafunk_temple_overflow_wave, okawaru_ov_weapons_minmay
D:3:      minmay_thinvault, layout_rooms, lemuel_crystal_altar,
          ashenzari_altar_1
D:4:      layout_rooms, kiku_gazebo_pond_becter, temple_doors_ab,
          enter_ossuary_3, minmay_hollow_rounded_squares

Skill      XL: |  1  2  3  4  5  6  7  8 |
---------------+-------------------------+-----
Axes           | 2 3 4 5 |  5.2
Fighting       | 4 5 6 |  6.8
Armour         | 4 5 |  5.3
Shields        | 4 5 |  5.2
Invocations    | 1 2 3 |  3.5

Action                   |  1- 3 |  4- 6 |  7- 9 || total
-------------------------+-------+-------+-------++-------
Melee: War axe           |   104 |   296 |   208 ||   608
       Unarmed           |       |    12 |       ||    12
Invok: Heroism           |       |     2 |     2 ||     4
  Use: Scroll            |       |     8 |     7 ||    15
Armor: Scale mail        |    53 |   246 |       ||   299
       Chain mail        |       |    36 |   115 ||   151
       Skin              |       |     1 |       ||     1
Dodge: Dodged            |    35 |   153 |    34 ||   222
Block: Kite shield       |    51 |   204 |   114 ||   369

Table legend: (Time is in decaauts)
 A = Elapsed time spent in this place.
 B = Non-inter-level travel time spent in this place.
 C = Inter-level travel time spent in this place.
 D = Time resting spent in this place.
 E = Time spent auto-exploring this place.
 F = Levels seen in this place.
 G = Mean time per level.
                   A        B        C        D        E       F      G
               +--------+--------+--------+--------+--------+-----+--------+
         Total |   4804 |   4706 |     98 |      0 |   3333 |   5 |  960.8 |
       Dungeon |   4238 |   4140 |     98 |      0 |   3020 |   4 | 1059.5 |
       Ossuary |    566 |    566 |      0 |      0 |    313 |   1 |  566.0 |
               +--------+--------+--------+--------+--------+-----+--------+

Top non-repeatable levels by time:
     D:3: 1414 daAuts
     D:1: 1263 daAuts
     D:4: 924 daAuts
     D:2: 635 daAuts
 Ossuary: 566 daAuts
